 Dungeon Crawl Stone Soup version 0.22-a0-558-gc224181 (webtiles) character file.

11 iamserjio the Magician (level 2, -1/18 HPs)
             Began as an Octopode Wanderer on June 27, 2018.
             Slain by a hobgoblin
             ... wielding a +0 club
              (5 damage)
             ... on level 1 of the Dungeon.
             The game lasted 00:01:33 (298 turns).

iamserjio the Magician (Octopode Wanderer)           Turns: 298, Time: 00:01:33

Health: -1/18      AC:  1    Str: 13    XL:     2   Next: 25%
Magic:  6/6        EV: 12    Int: 12    God:
Gold:   35         SH:  0    Dex: 11    Spells: 7/7 levels left

rFire    . . .     SeeInvis .   g - +0 dagger
rCold    . . .     Gourm    .   (no shield)
rNeg     . . .     Faith    .   (helmet restricted)
rPois    .         Spirit   .   (no amulet)
rElec    .         Reflect  .   (no ring)
rCorr    .         Harm     .   (no ring)
MR       .....                  (no ring)
Stlth    ++........             (no ring)
HPRegen  0.06/turn              (no ring)
MPRegen  0.10/turn              (no ring)
                                (no ring)
                                (no ring)

@: no status effects
A: almost no armour, stealthy swim, amphibious, 8 rings, constrict 8, camouflage
1, gelatinous body 1
a: no special abilities


You were on level 1 of the Dungeon.
You were not hungry.

You visited 1 branch of the dungeon, and saw 1 of its levels.

You collected 35 gold pieces.

Inventory:

Hand Weapons
 d - a +0 club
 g - a +0 dagger (weapon)
Armour
 e - a +2 large shield
Scrolls
 b - a scroll of blinking {unknown}
Potions
 a - a potion of magic {unknown}
 c - a potion of lignification
Comestibles
 f - 3 rations


   Skills:
 * Level 1.0 Fighting
 * Level 1.0 Dodging
 + Level 1.0 Stealth
 - Level 1.0 Shields
 - Level 3.0 Spellcasting
   Level 2.0 Conjurations
   Level 1.0 Charms
   Level 2.0 Air Magic
   Level 1.1 Evocations


You had 7 spell levels left.
You didn't know any spells.
Your spell library contained the following spells:

 Spells                   Type           Power        Failure   Level  Hunger
 Regeneration             Chrm/Necr      #.........   52%         3    ###....
 Stone Arrow              Conj/Erth      #.....       43%         3    ###....
 Flame Tongue             Conj/Fire      #....        16%         1    #......
 Shroud of Golubria       Chrm/Tloc      #.........   30%         2    ###....
 Infusion                 Chrm           #...         16%         1    #......
 Song of Slaying          Chrm           #.......     24%         2    ###....
 Spectral Weapon          Hex/Chrm       #.......     52%         3    ###....


Dungeon Overview and Level Annotations

Branches:
Dungeon (1/15)

Altars:


Innate Abilities, Weirdness & Mutations

You cannot wear most types of armour.
You are very stealthy in the water. (Stealth+)
You are amphibious.
You can wear up to eight rings at the same time.
You can use your tentacles to constrict eight enemies at once.
Your skin changes colour to match your surroundings (Stealth+).
Your rubbery body absorbs attacks. (AC +1, EV +1)


Message History

The bat barely misses you. The bat closely misses you.
The bat barely misses you. The bat hits you.
The bat hits you but does no damage. The bat closely misses you.
The bat closely misses you.
You closely miss the bat. Your grab misses the bat.
The bat is heavily wounded.
The bat hits you. The bat closely misses you.
You hit the bat but do no damage. Your grab misses the bat.
You kill the bat!
You hit the hobgoblin but do no damage. Your grab misses the hobgoblin.
The hobgoblin hits you with a club.
You barely miss the hobgoblin. You grab the hobgoblin.
You constrict the hobgoblin. The hobgoblin hits you with a club.
* * * LOW HITPOINT WARNING * * *
You hit the hobgoblin.
The hobgoblin is moderately wounded.
You constrict the hobgoblin. The hobgoblin hits you with a club.
You die...

.#.....#.##.#.$....
.#.....#..#.#......
.#.....#..#.#......
.+.....+.....>.....
##.....#.#..#.#.###
#######+#..#.#...
#....#†#.#.#
#....#....#########
#....#...gg@.......
.........$.#########
####.####...# #
#.....# #...g.#
#.....## #......#
#....#.# #......#


You could see a hobgoblin and a goblin.

Vanquished Creatures
  A dart slug (D:1)
  A giant cockroach (D:1)
  A hobgoblin (D:1)
  2 kobolds (D:1)
  A ball python (D:1)
  2 bats (D:1)
  A rat (D:1)
9 creatures vanquished.

Notes
Turn   | Place    | Note
-------+----------+-------------------------------------------
     0 | D:1      | iamserjio the Octopode Wanderer began the quest for the Orb.
     0 | D:1      | iamserjio set off with: a potion of lignification, a +0 club, a ration
     0 | D:1      | Reached XP level 1. HP: 11/11 MP: 4/4
   162 | D:1      | Reached XP level 2. HP: 18/18 MP: 6/6
   271 | D:1      | Reached skill level 1 in Fighting
   271 | D:1      | Reached skill level 1 in Dodging
   271 | D:1      | Reached skill level 1 in Stealth
   298 | D:1      | Slain by a hobgoblin

Vault maps used:
D:1:      minmay_arrival_widening_spiral_wide

Skill      XL: |  1  2 |
---------------+-------+-----
Fighting       | 1 |  1.0
Dodging        | 1 |  1.0
Stealth        | 1 |  1.0
Shields        | |  1.0
Spellcasting   | |  3.0
Conjurations   | |  2.0
Charms         | |  1.0
Air Magic      | |  2.0
Evocations     | |  1.1

Action                   || total
-------------------------++-------
Melee: Club              ||    15
       Constrict         ||     6
       Tentacles         ||     4
       Dagger            ||     7
Armor: Skin              ||     5
Dodge: Dodged            ||    23

Table legend:
 A = Spawn XP
 B = Non-spawn XP
 C = Spawn XP percentage of total XP
 D = Spawn monster count
 E = Non-spawn monster count
 F = Spawn count percentage of total count
 G = Total turns spent on level
                    A         B        C        D         E        F      G
               +---------+---------+-------+---------+---------+-------+---------
         Total |       0 |      16 |   0.0 |       0 |       9 |   0.0 |   298
               +---------+---------+-------+---------+---------+-------+---------
           D:1 |       0 |      16 |   0.0 |       0 |       9 |   0.0 |   298
               +---------+---------+-------+---------+---------+-------+---------
